 Dungeon Crawl Stone Soup version 0.25.0-11-g1f837a76a1 (webtiles) character file.

Game seed: 12049172285597926836

2350 xccam the Slicer (level 9, -2/52 HPs)
             Began as a Tengu Assassin on June 25, 2020.
             Was a Follower of Vehumet.
             Killed by divine providence
             ... invoked by an orc priest
              (13 damage)
             ... on level 8 of the Dungeon.
             The game lasted 00:17:00 (7199 turns).

xccam the Slicer (Tengu Assassin)                   Turns: 7199, Time: 00:17:01

Health: -2/52      AC: 17    Str: 12    XL:     9   Next: 43%
Magic:  20/20      EV: 13    Int: 15    God:    Vehumet [*.....]
Gold:   309        SH:  0    Dex: 15    Spells: 9/10 levels left

rFire    + . .     SeeInvis .   u - +1 dagger (speed)
rCold    . . .     Gourm    .   (no shield)
rNeg     . . .     Faith    .   t - +4 scale mail of Precision Catastrophes {MP+9}
rPois    .         Spirit   .   l - +2 hat
rElec    .         Reflect  .   c - +0 cloak
rCorr    .         Harm     .   w - +2 pair of gloves
MR       .....                  (boots unavailable)
Stlth    +.........             B - amulet of magic regeneration
HPRegen  0.17/turn              G - ring of wizardry
MPRegen  0.42/turn              C - ring of protection from fire

@: flying quickly and evasively, very slightly contaminated, lightly drained,
quick
A: beak, talons 3, able to fly
a: Stop Flying, Renounce Religion


You were on level 8 of the Dungeon.
You worshipped Vehumet.
Vehumet was aware of your devotion.
You were not hungry.

You visited 2 branches of the dungeon, and saw 9 of its levels.

You collected 309 gold pieces.

Inventory:

Hand Weapons
 u - a +1 dagger of speed (weapon)
Missiles
 d - 5 poisoned darts (quivered)
 e - 2 curare-tipped darts
Armour
 a - a +0 kite shield
 c - a +0 cloak (worn)
 l - a +2 hat (worn)
 s - a +1 leather armour of poison resistance
 t - the +4 scale mail of Precision Catastrophes (worn) {MP+9}
   (You found it on level 4 of the Dungeon)

   It affects your magic capacity (+9).
 w - a +2 pair of gloves (worn)
 F - a scarf of resistance
Jewellery
 n - an uncursed amulet of guardian spirit
 p - an uncursed ring of see invisible
 B - an amulet of magic regeneration (around neck)
 C - a ring of protection from fire (right hand)
 G - a ring of wizardry (left hand)
Scrolls
 b - 2 scrolls of blinking {unknown}
 i - 6 scrolls of remove curse
 j - a scroll of silence {unknown}
 k - a scroll of identify
 m - 3 scrolls of teleportation {unknown}
 r - 2 scrolls of amnesia {unknown}
 x - a scroll of fear {unknown}
 y - 4 scrolls of magic mapping {unknown}
 A - 2 scrolls of enchant weapon {unknown}
 E - a scroll of fog {unknown}
 H - 3 scrolls of random uselessness {unknown}
 J - a scroll of noise {unknown}
 K - a scroll of enchant armour {unknown}
 M - a scroll of vulnerability {unknown}
Potions
 g - 4 potions of curing
 h - a potion of stabbing
 o - a potion of resistance
 q - 2 potions of might
 v - 2 potions of ambrosia
 z - a potion of brilliance {unknown}
 D - a potion of lignification {unknown}
 I - a potion of flight {unknown}
 L - a potion of mutation {unknown}
Comestibles
 f - 14 rations
 N - 3 chunks of flesh


   Skills:
 - Level 4.0(3.4) Fighting
 + Level 9.5(8.9) Short Blades
 - Level 4.0(3.4) Throwing
 - Level 4.0(3.4) Armour
 - Level 5.0(4.4) Dodging
 + Level 5.2(4.6) Stealth
 + Level 1.3(0.8) Spellcasting
 + Level 2.0(1.5) Conjurations
 + Level 2.1(1.6) Air Magic


You had 9 spell levels left.
You knew the following spells:

 Your Spells              Type           Power        Failure   Level  Hunger
a - Shock                 Conj/Air       #...         26%         1    ##.....

Your spell library contained the following spells:

 Spells                   Type           Power        Failure   Level  Hunger
 Beastly Appendage        Tmut           #.....       43%         1    ##.....


Dungeon Overview and Level Annotations

Branches:
Dungeon (8/15)             Temple (1/1) D:6
   Lair: D:8-11

Altars:
Ashenzari
Dithmenos
Fedhas
Gozag
Hepliaklqana
Kikubaaqudgha
Nemelex Xobeh
Okawaru
Ru
Sif Muna
Trog
Vehumet
Wu Jian
Yredelemnul
Zin


Innate Abilities, Weirdness & Mutations

You have a beak for a mouth.
You have claws for feet.
You can fly continuously.


Message History

The orc priest is lightly wounded.
The zap hits the orc priest.
The orc priest is lightly wounded.
The zap hits the orc priest.
The orc priest is lightly wounded.
Something hits you but does no damage.
The orc priest calls down the wrath of Beogh upon you.
Beogh smites you!
The orc priest mumbles some strange prayers to Beogh against you.
Beogh smites you!
* * * LOW HITPOINT WARNING * * *
Really fly into a travel-excluded area?
The orc priest calls upon Beogh to heal the orc priest.
The orc priest's wounds heal themselves!
You hear some strange, mumbled words.
Something tries to affect you, but you resist.
The orc priest looks encouraged for a moment.
The orc priest invokes the aid of Beogh against you.
Beogh smites you!
You die...

#)######## ########(# .........#
##..(....# #.......# ##.......#
### #........####
#######8######...........#
##....oo......@........##.#
#......................##.#
###..............#.......##.#####
)...######.########[..#..........
##### #○# #..#..##.##.##### #####
#§# ##.#..#..##.# ....# #§#
#.......##.# ###.# ###
##.......##.# # #.....#.###.#####


You could see an orc priest.

Vanquished Creatures
  Grinder (D:5)
  2 humans (D:7)
  Duvessa (D:5)
  An ice beast (D:5)
  A centaur (D:8)
  A bullfrog (D:8)
  Dowan (D:5)
  2 scorpions
  2 howler monkeys (D:7)
  6 wights
  5 crimson imps
  A centaur zombie (D:7)
  2 jellies (D:7)
  3 hounds
  2 orc priests
  A gnoll shaman (D:7)
  3 orc wizards
  2 bullfrog skeletons
  6 worker ants
  A hound zombie (D:6)
  2 hound skeletons
  A howler monkey skeleton (D:6)
  9 gnolls
  10 adders
  A shadow imp (D:6)
  An ooze (D:3)
  An adder skeleton (D:4)
  2 worms
  2 dart slugs (D:1)
  5 leopard geckos
  14 orcs
  8 bats
  3 giant cockroaches
  6 goblins
  6 hobgoblins
  15 jackals
  15 kobolds
  6 quokkas
  5 frilled lizards
  12 rats
168 creatures vanquished.

Vanquished Creatures (others)
  An orc wizard (D:4)
1 creature vanquished.

Grand Total: 169 creatures vanquished

Notes
Turn   | Place    | Note
-------+----------+-------------------------------------------
     0 | D:1      | xccam the Tengu Assassin began the quest for the Orb.
     0 | D:1      | Reached XP level 1. HP: 12/12 MP: 2/2
   112 | D:1      | Reached XP level 2. HP: 17/17 MP: 3/3
   118 | D:1      | Reached skill level 3 in Short Blades
   662 | D:1      | Reached XP level 3. HP: 21/21 MP: 4/4
  1114 | D:2      | Reached skill level 4 in Short Blades
  1326 | D:2      | Reached XP level 4. HP: 26/26 MP: 5/5
  1715 | D:3      | Reached skill level 5 in Short Blades
  2352 | D:3      | Gained mutation: You can fly continuously. [Tengu growth]
  2352 | D:3      | Reached XP level 5. HP: 28/30 MP: 6/6
  2826 | D:4      | Reached skill level 6 in Short Blades
  2972 | D:4      | Reached XP level 6. HP: 34/35 MP: 7/7
  3097 | D:4      | Found a shimmering blue altar of Sif Muna.
  3118 | D:4      | Identified Sif Muna's Volume of Shape Shifting
  3503 | D:4      | Got a faintly humming scale mail
  3514 | D:4      | Identified the +4 scale mail of Precision Catastrophes
                  | {MP+9} (You found it on level 4 of the Dungeon)
  3638 | D:5      | Entered Level 5 of the Dungeon
  3640 | D:5      | Noticed an ice beast
  3660 | D:5      | Killed an ice beast
  3660 | D:5      | Reached skill level 1 in Armour
  3690 | D:5      | Reached XP level 7. HP: 40/40 MP: 8/8
  3775 | D:5      | Found a bloodstained altar of Trog.
  3831 | D:5      | Noticed Dowan
  3892 | D:5      | Killed Dowan
  3893 | D:5      | Noticed Duvessa
  4026 | D:5      | Noticed Grinder
  4036 | D:5      | Killed Grinder
  4092 | D:5      | Killed Duvessa
  4255 | D:5      | Reached XP level 8. HP: 46/46 MP: 9/9
  4481 | D:6      | Reached skill level 7 in Short Blades
  4589 | D:6      | Found a staircase to the Ecumenical Temple.
  4601 | Temple   | Entered the Ecumenical Temple
  4619 | Temple   | Became a worshipper of Vehumet
  4705 | D:6      | Found a shadowy altar of Dithmenos.
  4706 | D:6      | Found a bloodstained altar of Trog.
  4953 | D:6      | Found a shattered altar of Ashenzari.
  5007 | D:6      | Found a sparkling altar of Nemelex Xobeh.
  5656 | D:7      | Reached skill level 5 in Dodging
  5855 | D:7      | Reached skill level 8 in Short Blades
  5896 | D:7      | Found an iron altar of Okawaru.
  5947 | D:7      | Reached * piety under Vehumet
  5947 | D:7      | Offered knowledge of Shock by Vehumet.
  5947 | D:7      | Reached skill level 9 in Short Blades
  5947 | D:7      | Reached XP level 9. HP: 33/52 MP: 6/10
  6436 | D:7      | Found a blossoming altar of Fedhas.
  6445 | D:7      | Learned a level 1 spell: Shock
  6736 | D:8      | Reached skill level 1 in Conjurations
  6779 | D:8      | Reached skill level 1 in Air Magic
  6792 | D:8      | Reached skill level 5 in Stealth
  6891 | D:8      | Reached skill level 1 in Spellcasting
  7199 | D:8      | Killed from afar by an orc priest

Illustrated notes

Levels and vault maps discovered:
D:1:      dpeg_arrival_simpleton_b, layout_basic
D:2:      layout_basic
D:3:      layout_loops_corners
D:4:      layout_cave_pods, led_sif_book, first_ration
D:5:      layout_cave_pools, trog_butcher_becter, uniq_grinder, uniq_duvessa
D:6:      layout_rooms, nicolae_overflow_hidden_temple,
          minmay_temple_entry_proselytizer
D:7:      layout_basic, nicolae_overflow_crystal_walls, okawaru_humans
D:8:      minmay_polygon_palace, layout_basic, special_room
          [special_room_kobold], lemuel_flamethrower_1
Temple:   compressed_dpeg_circular_temple

Skill      XL: |  1  2  3  4  5  6  7  8  9 |
---------------+----------------------------+-----
Short Blades   | 3 4 5 6 9 |  9.5
Throwing       | 3 4 |  4.0
Armour         | 1 3 4 |  4.0
Dodging        | 3 5 |  5.0
Fighting       | 3 4 |  4.0
Conjurations   | 2 |  2.0
Air Magic      | 2 |  2.1
Stealth        | 5 |  5.2
Spellcasting   | 1 |  1.3

Action                   |  1- 3 |  4- 6 |  7- 9 || total
-------------------------+-------+-------+-------++-------
Melee: Dagger            |    72 |   196 |   492 ||   760
       Kick              |    20 |    46 |   145 ||   211
       Peck              |     8 |    32 |    81 ||   121
Throw: Dart              |       |     8 |    18 ||    26
 Cast: Shock             |       |       |     2 ||     2
 Abil: Fly               |       |     1 |       ||     1
  Use: Scroll            |       |     5 |     4 ||     9
       Potion            |       |       |     2 ||     2
 Stab: Sleeping          |     3 |     9 |     7 ||    19
  Eat: Chunk             |     1 |     7 |     8 ||    16
       Ration            |       |       |     1 ||     1
Armor: Robe              |    15 |       |       ||    15
       Leather armour    |       |    50 |    41 ||    91
       Scale mail        |       |       |    22 ||    22
Dodge: Dodged            |    37 |    62 |   135 ||   234
